 Dungeon Crawl Stone Soup version 0.20.0 (webtiles) character file.

365200 MarkovLaser the Axe Maniac (level 21, -1/189 HPs)
             Began as a Minotaur Berserker on July 24, 2017.
             Was a High Priest of Trog.
             Killed from afar by a starcursed mass (12 damage)
             ... with an accursed screaming
             ... on level 5 of the Abyss on July 27, 2017.
             The game lasted 04:29:41 (52459 turns).

MarkovLaser the Axe Maniac (Minotaur Berserker)    Turns: 52459, Time: 04:29:42

Health: -1/189     AC: 26    Str: 40    XL:     21   Next: 23%
Magic:  1/29       EV: 14    Int: -2 (4) God:    Trog [*****.]
Gold:   2238       SH:  2    Dex:  7    Spells: 20/20 levels left

rFire    + . .     SeeInvis .   e - +8 executioner's axe (chop)
rCold    . . .     Gourm    .   (shield currently unavailable)
rNeg     . . .     Faith    .   v - +2 plate armour {rF+}
rPois    .         Spirit   .   (helmet restricted)
rElec    .         Reflect  +   Q - scarf {repulsion}
rCorr    +         Harm     .   I - +2 pair of gloves
MR       ++++.                  L - +2 pair of boots {run}
Stlth    ..........             R - amulet of Ucuamm {Reflect Str+4 Dex-4 SH+2 Stlth+}
Regen    1.5/turn               a - ring of protection from magic
MPRegen  0.3/turn               q - ring of resist corrosion

@: mighty, very slightly contaminated, regenerating, slowed, lost intelligence,
drained, repel missiles, very slow
A: retaliatory headbutt, horns 2
}: 3/15 runes: decaying, abyssal, gossamer
a: Berserk, Trog's Hand, Brothers in Arms, Burn Spellbooks, Renounce Religion


You were on level 5 of the Abyss.
You worshipped Trog.
Trog was extremely pleased with you.
You were near starving.

You visited 7 branches of the dungeon, and saw 37 of its levels.
You visited the Abyss 1 time.
You visited 1 bazaar.
You also visited: Sewer, Ossuary and Ice Cave.

You collected 4079 gold pieces.
You spent 1841 gold pieces at shops.

Inventory:

Hand Weapons
 e - a +8 executioner's axe of chopping (weapon)
 u - a +4 triple crossbow of freezing
 X - a +3 great mace of holy wrath
Missiles
 f - 1379 bolts (quivered)
Armour
 v - a +2 plate armour of fire resistance (worn)
 I - a +2 pair of gloves (worn)
 L - a +2 pair of boots of running (worn)
 Q - a scarf of repulsion (worn)
Jewellery
 a - a ring of protection from magic (left hand)
 d - an uncursed ring of positive energy
 h - an uncursed ring of protection from cold
 q - a ring of resist corrosion (right hand)
 A - an uncursed ring of poison resistance
 M - an uncursed ring of magical power {unknown}
 R - the amulet of Ucuamm (around neck) {Reflect Str+4 Dex-4 SH+2 Stlth+}
   (You found it on level 2 of the Lair of Beasts)

   [amulet of reflection]

   It shields you and reflects attacks.
   It affects your strength (+4).
   It affects your dexterity (-4).
   It affects your SH (+2).
   It makes you more stealthy.
 Y - an uncursed ring of protection from fire
Wands
 l - a wand of acid (3/15)
 s - a wand of clouds (3/9)
 F - a wand of iceblast (4/15)
 J - a wand of random effects (17/48)
 K - a wand of iceblast (6/15)
 O - a wand of lightning (5/15)
 P - a wand of iceblast (7/15)
 U - a wand of digging (8/24)
 V - a wand of disintegration (10/24)
 W - a wand of lightning (6/15)
 Z - a wand of scattershot (2/9)
Scrolls
 b - 3 scrolls of magic mapping
 j - 21 scrolls of remove curse
 n - 4 scrolls of immolation
 o - 3 scrolls of fog
 p - 12 scrolls of teleportation
 r - 6 scrolls of identify
 t - a scroll of enchant weapon
 E - 3 scrolls of enchant armour
 G - 3 scrolls of silence
 S - 4 scrolls of fear
Potions
 g - a potion of brilliance
 i - 4 potions of agility
 k - 5 potions of heal wounds
 m - 2 potions of resistance
 w - 11 potions of curing
 z - 6 potions of haste
 B - a potion of flight
 D - 3 potions of might
Miscellaneous
 c - a phial of floods (inert)
 x - a sack of spiders
 y - a phantom mirror
Comestibles
 C - 3 royal jellies
 N - a bread ration
 T - 7 chunks of flesh


   Skills:
 + Level 16.5(16.4) Fighting
 O Level 27(26.8) Axes
 * Level 13.2(13.1) Crossbows
 + Level 15.9(15.8) Armour
 + Level 14.9(14.8) Dodging
 + Level 12.7(12.5) Evocations


You had 20 spell levels left.
You didn't know any spells.

Dungeon Overview and Level Annotations

Branches:
Dungeon (15/15)            Temple (1/1) D:5            Lair (6/6) D:8
  Swamp (4/4) Lair:4       Spider (4/4) Lair:4        Slime (0/5) Lair:5
    Orc (2/2) D:10            Elf (0/3) Orc:2        Vaults (5/5) D:14
  Crypt (0/3) Vaults:3     Depths (0/5) D:15

Altars:
Ashenzari
Cheibriados
Elyvilon
Fedhas
Hepliaklqana
Trog
Xom
Zin
Jiyva

Shops:
D:5 %   D:10 =   D:12 :   D:13 %   Orc:2 *([*   Vaults:3 *

Portals:
Trove: D:12 (give +5 ice dragon scales)


Innate Abilities, Weirdness & Mutations

You reflexively headbutt those who attack you in melee.
You have a pair of horns on your head.


Message History

You furiously retaliate!
You headbutt the great orb of eyes.
A spatial vortex comes into view.
Okay, then.
Okay, then.
You almost manage to decipher the scroll, but fail in this attempt.
The orange crystal statue fixes its piercing gaze on you.
Something tries to feed on your intellect!
A starcursed mass splits.
The white draconian breathes frost at you.
The chilling blast hits you!
* * * LOW HITPOINT WARNING * * *
The starcursed mass engulfs you but does no damage.
The raiju misses you.
The great orb of eyes barely misses you.
You furiously retaliate!
You headbutt the great orb of eyes.
A starcursed mass splits.
The orange crystal statue glitters.
You resist with almost no effort.
A cacophony of accursed wailing tears at your sanity!
You die...

# .. . .###.#.
#######.....
###.≈8≈.##....
##.XX§v§..# . .
#vXX†.§....#..≈
###h#v.§......?
#v@dXX........#.
#..XGXx........ #
#vvX4h4.†.... .#
...#vvX.≈≈≈..####
#.v.X##..≈8≈§## #
##v..
.#..#####..$# ##
##. v#..#.# . ≈
#. #.#.#.# .≈ ...
...... #


You could see 11 starcursed masses, a white draconian, 2 spatial maelstroms, 2
orange crystal statues, a great orb of eyes, 9 spatial vortices, 2 raiju, 2
chaos spawn and a small abomination.

Vanquished Creatures
  An ancient lich (Vaults:4)
  Boris (Vaults:3)
  Saint Roka (Vaults:5)
  Jorgrun (Vaults:4)
  2 liches
  Rupert (Lair:4)
  A tentacled monstrosity (Vaults:5)
  The ghost of loopi the Eclecticist, an adept DrWn of Vehumet (Spider:4)
  The ghost of loopi the Bludgeoner, an adept OgHu of Okawaru (Swamp:4)
  4 sphinxes (Vaults:5)
  3 shadow dragons (Vaults:5)
  Roxanne (Swamp:1)
  A tengu reaver (Vaults:5)
  3 thorn hunters
  Donald (Vaults:1)
  A fire giant (Vaults:3)
  2 frost giants
  6 emperor scorpions
  16 vault wardens
  Aizul (Spider:1)
  2 deep elf sorcerers
  2 ghost moths (Spider:4)
  17 ironheart preservers
  A very ugly thing (Abyss:5)
  9 stone giants
  3 entropy weavers
  2 deep elf demonologists (Vaults:5)
  2 spark wasps
  3 deep elf annihilators
  Josephine (D:13)
  The ghost of loopi the Thaumaturge, a journeyman DEWn of Vehumet (Lair:5)
  2 ettins
  Snorg (Lair:6)
  2 fire dragons
  10 ogre magi
  7 yaktaur captains
  30 vault guards
  3 rakshasas
  2 great orbs of eyes
  An ice dragon (Vaults:1)
  A ghost crab (Swamp:4)
  15 hydras
  2 catoblepae (Lair:6)
  11 centaur warriors
  15 alligators
  3 tengu warriors
  2 two-headed ogres (shapeshifter)
  4 deep troll shamans
  8 dancing weapons
  24 two-headed ogres
  6 death yaks
  2 deep troll earth magi
  A vampire mage (Vaults:3)
  Urug (D:14)
  9 deep elf knights
  A shadow wraith (Vaults:4)
  3 glowing orange brains
  The ghost of Llamajah the Blocker, a novice FoFi of Okawaru (D:6)
  4 unseen horrors
  18 deep trolls
  5 lindwurms
  6 deep elf archers
  2 wizards
  12 swamp dragons
  An unseen horror (shapeshifter) (Vaults:1)
  4 shambling mangroves
  14 ironbrand convokers
  24 wolf spiders
  15 deep elf magi
  A necromancer (Vaults:2)
  4 harpies (Vaults:1)
  16 ugly things
  10 orb spiders
  4 manticores
  7 orc knights
  4 moths of wrath
  3 orc sorcerers
  4 cyclopes
  A spectral centaur (D:14)
  A stone giant skeleton (Vaults:2)
  14 elephants
  6 black mambas
  15 vault sentinels
  4 torpor snails
  An ice statue (IceCv)
  A fire giant skeleton (Vaults:2)
  26 spiny frogs
  2 gargoyles
  3 rime drakes (Lair:6)
  7 komodo dragons
  57 yaktaurs
  3 freezing wraiths
  4 centaur skeletons
  A redback zombie (D:14)
  An efreet (D:15)
  6 trolls
  9 demonic crawlers
  A meliai (shapeshifter) (Vaults:1)
  16 jumping spiders
  A tengu simulacrum (Vaults:3)
  31 hornets
  2 polar bears
  20 blink frogs
  5 tyrant leeches
  31 slime creatures
  8 bog bodies
  8 dream sheep
  13 hippogriffs
  Sigmund (D:4)
  An ettin skeleton (Vaults:2)
  67 redbacks
  11 spriggans
  27 tarantellas
  21 yaks
  2 shadows
  10 wraiths
  A vampire (D:11)
  3 wyverns
  A golden eye (Lair:6)
  16 humans (D:14)
  2 basilisks (Lair:6)
  A hog (shapeshifter) (Vaults:2)
  24 vampire mosquitoes
  A human (shapeshifter) (D:14)
  6 hungry ghosts
  Menkaure (D:4)
  2 neqoxecs (Abyss:5)
  18 swamp worms
  3 acid dragons
  8 wargs
  8 insubstantial wisps
  A soldier ant (shapeshifter) (Vaults:1)
  9 porcupines
  Duvessa (D:5)
  13 water moccasins
  A hornet zombie (D:8)
  30 orc warriors
  7 ice beasts
  5 sky beasts
  4 eyes of draining
  13 swamp drakes
  8 black bears
  4 phantoms
  48 ogres
  6 necrophages
  8 wolves
  17 centaurs
  2 boggarts
  16 crocodiles
  4 big kobolds (Sewer)
  A human zombie (Vaults:2)
  An elf zombie (D:8)
  14 bullfrogs
  2 elf skeletons (D:8)
  4 gnoll sergeants (D:10)
  Dowan (D:5)
  A water moccasin zombie (D:9)
  4 scorpions
  3 wyvern skeletons
  16 killer bees
  6 wights
  2 electric eels (D:10)
  4 howler monkeys
  9 crimson imps
  3 lava snakes (D:11)
  5 centaur zombies
  A bullfrog zombie (D:5)
  4 jellies
  11 hounds
  18 orc priests
  2 gnoll shamans (D:10)
  20 orc wizards
  A bullfrog skeleton (D:13)
  3 iguanas
  A human skeleton (D:8)
  9 worker ants
  A hound skeleton (D:4)
  2 howler monkey zombies
  A howler monkey skeleton (D:4)
  27 gnolls
  2 river rats
  8 adders
  3 shadow imps
  11 white imps (Orc:2)
  2 oozes
  2 adder skeletons
  4 adder zombies
  3 worms
  3 dart slugs
  2 leopard geckos
  89 orcs
  11 giant cockroaches
  6 hobgoblins
  15 jackals
  20 kobolds
  4 quokkas
  7 ball pythons
  3 ball python skeletons (Ossuary)
  12 bats
  3 frilled lizards
  7 goblins
  2 hobgoblin zombies (Ossuary)
  A jackal skeleton (D:7)
  3 kobold zombies (Ossuary)
  A leopard gecko skeleton (D:6)
  A leopard gecko zombie (D:6)
  2 orc skeletons (D:8)
  An orc zombie (Ossuary)
  A quokka skeleton (D:9)
  14 rats
  8 briar patches
  A butterfly (Lair:2)
  3 fungi
  3 plants
1582 creatures vanquished.

Vanquished Creatures (collateral kills)
  A golden dragon (Vaults:5)
  5 hydras
  2 two-headed ogres
  An orb spider (Spider:4)
  2 ugly things
  2 ice statues (IceCv)
  A centaur zombie (D:13)
  A jumping spider (Spider:4)
  A hornet (Swamp:4)
  A troll (D:13)
  A spriggan (Swamp:4)
  5 yaks (D:10)
  3 vampire mosquitoes (D:13)
  3 neqoxecs (Abyss:5)
  A swamp worm (Swamp:1)
  An orc warrior (Orc:2)
  2 ogres
  A jelly (D:13)
  2 starcursed masses (Abyss:5)
  An iguana (D:13)
  A gnoll (D:10)
  A white imp (Orc:2)
  An orc (Orc:1)
40 creatures vanquished.

Vanquished Creatures (others)
  A deep troll (Vaults:5)
  6 ugly things (D:14)
  A torpor snail (Spider:3)
  A jumping spider (Spider:4)
  A gargoyle (D:14)
  4 hornets (Spider:4)
  A blink frog (Swamp:2)
  A spriggan (Swamp:4)
  A swamp drake (Swamp:4)
  A killer bee (D:12)
  An orc wizard (D:14)
  4 briar patches
  11 fungi
  11 plants
45 creatures vanquished.

Grand Total: 1667 creatures vanquished

Notes
Turn   | Place    | Note
-------+----------+-------------------------------------------
     0 | D:1      | MarkovLaser the Minotaur Berserker began the quest for the Orb.
     0 | D:1      | Reached XP level 1. HP: 19/19 MP: 0/0
   274 | D:1      | Reached skill level 4 in Axes
   325 | D:1      | Reached XP level 2. HP: 26/26 MP: 1/1
  1007 | D:2      | Reached skill level 5 in Axes
  1192 | D:2      | Reached XP level 3. HP: 31/31 MP: 2/2
  1274 | D:2      | Reached ** piety under Trog
  1868 | D:3      | Found a blossoming altar of Fedhas.
  1936 | D:3      | Reached skill level 6 in Axes
  1936 | D:3      | Reached XP level 4. HP: 22/39 MP: 3/3
  2247 | D:3      | Reached XP level 5. HP: 45/45 MP: 4/4
  2267 | D:3      | Reached *** piety under Trog
  2291 | D:3      | Reached skill level 7 in Axes
  2786 | D:4      | Found a glowing drain.
  2848 | Sewer    | Entered a sewer
  2876 | Sewer    | Reached skill level 8 in Axes
  2876 | Sewer    | Reached XP level 6. HP: 51/51 MP: 5/5
  2989 | Sewer    | Reached skill level 9 in Axes
  3244 | D:4      | Reached XP level 7. HP: 55/57 MP: 6/6
  3318 | D:4      | Reached skill level 10 in Axes
  3319 | D:4      | Reached **** piety under Trog
  3354 | D:4      | Noticed Sigmund
  3369 | D:4      | Killed Sigmund
  3456 | D:4      | Noticed Menkaure
  3463 | D:4      | Killed Menkaure
  3463 | D:4      | Reached skill level 11 in Axes
  3670 | D:5      | Entered Level 5 of the Dungeon
  3688 | D:5      | Reached XP level 8. HP: 64/64 MP: 7/7
  3902 | D:5      | Reached skill level 12 in Axes
  4071 | D:5      | Found Soushups's Food Emporium.
  4094 | D:5      | Noticed Duvessa
  4101 | D:5      | Noticed Dowan
  4107 | D:5      | Killed Duvessa
  4113 | D:5      | Killed Dowan
  4113 | D:5      | Reached skill level 13 in Axes
  4574 | D:5      | Found a staircase to the Ecumenical Temple.
  4598 | Temple   | Entered the Ecumenical Temple
  4810 | D:6      | Noticed Llamajah's ghost (novice FoFi)
  4845 | D:6      | Killed Llamajah's ghost
  4845 | D:6      | Reached skill level 14 in Axes
  4845 | D:6      | Reached XP level 9. HP: 70/70 MP: 8/8
  4938 | D:6      | Found a bloodstained altar of Trog.
  5101 | D:6      | Found a snail-covered altar of Cheibriados.
  5105 | D:6      | Found a shimmering altar of Xom.
  5968 | D:7      | Reached ***** piety under Trog
  5968 | D:7      | Reached skill level 15 in Axes
  6603 | D:7      | Reached skill level 16 in Axes
  6689 | D:8      | Found a staircase to the Lair.
  6700 | D:8      | Reached skill level 1 in Evocations
  6700 | D:8      | Reached XP level 10. HP: 78/78 MP: 9/9
  6835 | D:8      | Found a sand-covered staircase.
  6879 | Ossuary  | Entered an ossuary
  7062 | Ossuary  | Reached skill level 5 in Fighting
  7747 | D:9      | Noticed a deep troll earth mage
  7756 | D:9      | Found a hazy altar of Hepliaklqana.
  7772 | D:9      | Killed a deep troll earth mage
  7772 | D:9      | Reached skill level 5 in Armour
  8138 | D:9      | Reached skill level 5 in Dodging
  8515 | D:10     | Entered Level 10 of the Dungeon
  8528 | D:10     | Reached ****** piety under Trog
  8584 | D:10     | Found Meuluqiu's Jewellery Shop.
  8800 | D:10     | Received a gift from Trog
  8815 | D:10     | Found a staircase to the Orcish Mines.
  8829 | D:10     | Reached XP level 11. HP: 42/91 MP: 12/12
  8838 | D:10     | Noticed a two-headed ogre
  8842 | D:10     | Killed a two-headed ogre
  9141 | D:10     | Reached skill level 1 in Crossbows
  9853 | D:10     | Reached skill level 17 in Axes
 10042 | Lair:1   | Entered Level 1 of the Lair of Beasts
 10243 | Lair:1   | Noticed a seven-headed hydra
 10258 | Lair:1   | Killed a 12-headed hydra
 10415 | Lair:1   | Reached skill level 18 in Axes
 11294 | Lair:1   | Received a gift from Trog
 11432 | Lair:2   | Got a faintly glowing diamond amulet
 11438 | Lair:2   | Identified the amulet of Ucuamm {Reflect Str+4 Dex-4 SH+2 Stlth+} (You found it on level 2 of the Lair of Beasts)
 11496 | Lair:2   | Noticed a five-headed hydra
 11507 | Lair:2   | Killed an 11-headed hydra
 11760 | Lair:2   | Reached XP level 12. HP: 98/100 MP: 14/14
 12794 | Lair:3   | Reached skill level 5 in Evocations
 13825 | Lair:4   | Got a bound crystal amulet
 13975 | Lair:4   | Found a hole to the Spider Nest.
 14047 | Lair:4   | Received a gift from Trog
 14068 | Lair:4   | Noticed Rupert
 14080 | Lair:4   | Killed Rupert
 14243 | Lair:4   | Reached XP level 13. HP: 60/112 MP: 16/16
 15086 | Lair:4   | Found a staircase to the Swamp.
 15225 | Lair:5   | Found a staircase to the Slime Pits.
 15226 | Lair:5   | Found a viscous altar of Jiyva.
 15314 | Lair:5   | Noticed loopi's ghost (journeyman DEWn)
 15342 | Lair:5   | Killed loopi's ghost
 15668 | Lair:5   | Reached skill level 10 in Fighting
 15755 | Lair:5   | Reached skill level 10 in Armour
 15847 | Lair:5   | Identified the amulet "Gedelint" {Harm *Corrode *Drain rPois rC+} (You found it on level 4 of the Lair of Beasts)
 16611 | Lair:6   | Entered Level 6 of the Lair of Beasts
 17249 | Lair:6   | Reached skill level 10 in Dodging
 17535 | Lair:6   | Identified a scroll of acquirement
 17549 | Lair:6   | Identified a +0 pair of boots of running (You found it on level 6 of the Lair of Beasts)
 17740 | Lair:6   | Reached XP level 14. HP: 124/124 MP: 19/19
 18528 | Lair:6   | Noticed Snorg
 18538 | Lair:6   | Killed Snorg
 18636 | Lair:6   | Received a gift from Trog
 19063 | Orc:1    | Entered Level 1 of the Orcish Mines
 19254 | Orc:2    | Entered Level 2 of the Orcish Mines
 19374 | Orc:2    | Found a staircase to the Elven Halls.
 19390 | Orc:2    | Found a frozen archway.
 19393 | IceCv    | Entered an ice cave
 19675 | IceCv    | Got jewelled ice dragon scales
 19686 | IceCv    | Identified the cursed +1 ice dragon scales "Vatycit" {-Cast -Tele rF- rC++ rCorr Str+8} (You found it in an ice cave)
 19784 | Orc:2    | Received a gift from Trog
 20710 | Orc:2    | Reached skill level 19 in Axes
 20820 | Orc:2    | Found Fiohuhoz's Assorted Antiques.
 20835 | Orc:2    | Found Cibly's Weapon Emporium.
 20835 | Orc:2    | Found Plog's General Store.
 20836 | Orc:2    | Found Yciovuuqurgh's Antique Armour Emporium.
 21295 | D:11     | Received a gift from Trog
 21427 | D:11     | Reached XP level 15. HP: 107/134 MP: 21/21
 22018 | D:12     | Received a gift from Trog
 22276 | D:12     | Found Ijedopot's Book Shoppe.
 22394 | D:12     | Found a portal to a secret trove of treasure.
 22601 | D:12     | Got an ichor-stained hat
 22607 | D:12     | Identified the +0 hat of Action {*Slow +Blink rElec} (You found it on level 12 of the Dungeon)
 22733 | D:13     | Reached skill level 20 in Axes
 22752 | D:13     | Noticed Josephine
 22758 | D:13     | Killed Josephine
 23231 | D:13     | Found Wyn Wodwis's Food Emporium.
 23244 | D:13     | Received a gift from Trog
 23552 | D:14     | Found a gate to the Vaults.
 23552 | D:14     | Noticed Urug
 23555 | D:14     | Killed Urug
 23555 | D:14     | Reached skill level 21 in Axes
 23606 | D:14     | Found a flickering gateway to a bazaar.
 23827 | Bazaar   | Entered a bazaar
 23827 | Bazaar   | Found Hytas's Assorted Antiques.
 23827 | Bazaar   | Found Vomugg's Magic Scroll Shoppe.
 23827 | Bazaar   | Found Ciolobal's Antique Weapon Shop.
 23827 | Bazaar   | Found Bugefet's Weapon Shoppe.
 24061 | Bazaar   | Found Umuist's Antique Weapon Shop.
 24095 | Bazaar   | Bought a scroll of enchant weapon for 195 gold pieces
 24101 | Bazaar   | Bought a scroll of magic mapping for 45 gold pieces
 24101 | Bazaar   | Bought 3 scrolls of identify for 78 gold pieces
 24101 | Bazaar   | Bought a scroll of identify for 26 gold pieces
 24101 | Bazaar   | Bought a scroll of magic mapping for 45 gold pieces
 24101 | Bazaar   | Bought a scroll of magic mapping for 45 gold pieces
 24983 | D:15     | Entered Level 15 of the Dungeon
 25980 | D:15     | Reached skill level 22 in Axes
 26116 | D:15     | Received a gift from Trog
 26454 | D:15     | Found a staircase to the Depths.
 26454 | D:15     | Noticed a frost giant
 26461 | D:15     | Killed a frost giant
 26461 | D:15     | Reached XP level 16. HP: 95/141 MP: 22/22
 26890 | Swamp:1  | Entered Level 1 of the Swamp
 27027 | Swamp:1  | Noticed Roxanne
 27039 | Swamp:1  | Killed Roxanne
 27040 | Swamp:1  | Identified Roxanne's Reference Book on Stones (You took it off Roxanne on level 1 of the Swamp)
 28242 | Lair:2   | Got a pair of polished gloves
 28253 | Lair:2   | Identified the +2 pair of gloves "Xub Etup" {+Fly Dex-5 Stlth+} (You acquired it on level 2 of the Lair of Beasts)
 28362 | Swamp:1  | Reached skill level 23 in Axes
 29181 | Swamp:2  | Noticed a thorn hunter
 29189 | Swamp:2  | Killed a thorn hunter
 29382 | Swamp:2  | Noticed a thorn hunter
 29386 | Swamp:2  | Killed a thorn hunter
 29679 | Swamp:2  | Received a gift from Trog
 30884 | Swamp:3  | Reached skill level 24 in Axes
 31580 | Swamp:4  | Entered Level 4 of the Swamp
 31952 | Swamp:4  | Received a gift from Trog
 32637 | Swamp:4  | Found a shimmering altar of Xom.
 33089 | Swamp:4  | Noticed loopi's ghost (adept OgHu)
 33102 | Swamp:4  | Killed loopi's ghost
 33102 | Swamp:4  | Reached XP level 17. HP: 147/148 MP: 23/23
 33227 | Swamp:4  | Reached skill level 25 in Axes
 34699 | Swamp:4  | Got a decaying rune of Zot
 34973 | Spider:1 | Entered Level 1 of the Spider Nest
 35514 | Spider:1 | Noticed Aizul
 35526 | Spider:1 | Killed Aizul
 35661 | Spider:1 | Reached skill level 26 in Axes
 36062 | Spider:2 | Found a runed door.
 36487 | Spider:2 | Received a gift from Trog
 38613 | Spider:4 | Entered Level 4 of the Spider Nest
 38615 | Spider:4 | Received a gift from Trog
 38637 | Spider:4 | Noticed loopi's ghost (adept DrWn)
 38710 | Spider:4 | Killed loopi's ghost
 38710 | Spider:4 | Reached skill level 27 in Axes
 39088 | Spider:4 | Reached XP level 18. HP: 140/156 MP: 24/24
 39979 | Spider:4 | Reached skill level 10 in Evocations
 40601 | Spider:4 | Got a gossamer rune of Zot
 41596 | Vaults:1 | Entered Level 1 of the Vaults
 41600 | Vaults:1 | Received a gift from Trog
 42153 | Vaults:1 | Noticed Donald
 42160 | Vaults:1 | Killed Donald
 42160 | Vaults:1 | Received a gift from Trog
 42205 | Vaults:1 | Noticed a lich
 42214 | Vaults:1 | Killed a lich
 42509 | Vaults:1 | Reached skill level 5 in Crossbows
 43044 | Vaults:1 | Reached XP level 19. HP: 162/167 MP: 26/26
 43185 | Vaults:1 | Received a gift from Trog
 43188 | Vaults:1 | Identified the +3 battleaxe of Exhibitionism {venom, Stlth+} (Trog gifted it to you on level 1 of the Vaults)
 44962 | Vaults:2 | Received a gift from Trog
 45798 | Vaults:2 | Reached skill level 15 in Fighting
 46893 | Vaults:3 | Received a gift from Trog
 47286 | Vaults:3 | Noticed Boris
 47361 | Vaults:3 | Killed Boris
 47499 | Vaults:3 | Found Sucekaum's Assorted Antiques.
 47541 | Vaults:3 | Bought a scroll of enchant weapon for 315 gold pieces
 47541 | Vaults:3 | Bought a runed plate armour for 1092 gold pieces
 48528 | Vaults:2 | Reached XP level 20. HP: 61/178 MP: 27/27
 48924 | Vaults:3 | Reached skill level 10 in Crossbows
 49085 | Vaults:3 | Reached skill level 15 in Armour
 49525 | Vaults:3 | Received a gift from Trog
 49533 | Vaults:3 | Found a staircase to the Crypt.
 50340 | Vaults:4 | Noticed Jorgrun
 50347 | Vaults:4 | Killed Jorgrun
 51073 | Vaults:4 | Identified the +4 plate armour "Nenkum" {rCorr Str-4 Int+4 Stlth+} (You found it on level 4 of the Vaults)
 51228 | Vaults:5 | Entered Level 5 of the Vaults
 51228 | Vaults:5 | Noticed Saint Roka
 51236 | Vaults:5 | Noticed an ancient lich
 51246 | Vaults:5 | Killed Saint Roka
 51253 | Vaults:4 | Killed an ancient lich
 51253 | Vaults:4 | Received a gift from Trog
 51511 | Vaults:5 | Reached XP level 21. HP: 131/189 MP: 29/29
 51879 | Vaults:5 | Noticed a golden dragon
 51881 | Vaults:5 | HP: 10/282 [deep elf knight/long sword[an ironheart preserver] (15)]
 51899 | Vaults:5 | Killed a golden dragon
 52387 | Vaults:5 | Noticed an ancient lich
 52428 | Vaults:5 | Cast into level 5 of the Abyss (an ancient lich)
 52428 | Abyss:5  | Entered Level 5 of the Abyss
 52436 | Abyss:5  | Lost intelligence.
 52456 | Abyss:5  | Got an abyssal rune of Zot
 52459 | Abyss:5  | Killed from afar by a starcursed mass

Skill      XL: |  1  2  3  4  5  6  7  8  9 10 11 12 13 14 15 16 17 18 19 20 21 |
---------------+----------------------------------------------------------------+-----
Axes           | 4 5 6 8 9 11 14 16 18 19 22 24 27 | 27.0
Fighting       | 4 6 7 9 11 12 14 15 16 | 16.5
Evocations     | 1 3 4 6 8 9 10 11 12 | 12.7
Armour         | 5 6 9 11 12 13 14 15 | 15.9
Dodging        | 5 6 8 10 11 12 13 14 | 14.9
Crossbows      | 1 5 9 12 13 | 13.2

Action                   |  1- 3 |  4- 6 |  7- 9 | 10-12 | 13-15 | 16-18 | 19-21 || total
-------------------------+-------+-------+-------+-------+-------+-------+-------++-------
Melee: Hand axe          |    90 |    92 |   180 |       |       |       |       ||   362
       Headbutt          |    14 |    17 |    65 |   142 |   177 |   182 |   129 ||   726
       War axe           |       |       |    76 |   203 |       |       |       ||   279
       Broad axe         |       |       |       |   514 |   279 |       |       ||   793
       Great mace        |       |       |       |       |     5 |    22 |       ||    27
       Executioner's axe |       |       |       |       |   556 |   960 |   559 ||  2075
 Fire: Triple crossbow   |       |       |       |       |     4 |    33 |       ||    37
Invok: Berserk           |     5 |     5 |    12 |    14 |    18 |    30 |    18 ||   102
       Trog's Hand       |     1 |       |     3 |       |     5 |     8 |     5 ||    22
       Brothers in Arms  |       |       |       |     2 |     5 |     2 |     3 ||    12
       Burn Spellbooks   |       |       |       |       |       |     4 |       ||     4
Evoke: Wand              |       |       |     1 |     7 |    34 |    64 |     4 ||   110
       Phial of floods   |       |       |       |       |       |       |     1 ||     1
       Sack of spiders   |       |       |       |       |       |       |     1 ||     1
       Phantom mirror    |       |       |       |       |       |       |     1 ||     1
  Use: Scroll            |       |    12 |     7 |    11 |    17 |    22 |    13 ||    82
       Potion            |       |       |       |     2 |     1 |     9 |    21 ||    33
 Stab: Paralysed         |       |       |       |     1 |     2 |     2 |       ||     5
       Petrified         |       |       |       |       |     2 |       |       ||     2
       Confused          |       |       |       |       |       |     2 |       ||     2
       Distracted        |       |       |       |       |       |       |     1 ||     1
  Eat: Chunk             |     7 |    10 |    14 |    29 |    51 |    45 |    33 ||   189
       Royal jelly       |       |       |     3 |     2 |     1 |     7 |     3 ||    16
       Bread ration      |       |       |     1 |       |     1 |     4 |     2 ||     8
       Meat ration       |       |       |       |     1 |     1 |     1 |       ||     3
Armor: Animal skin       |     4 |       |       |       |       |       |       ||     4
       Ring mail         |    16 |       |       |       |       |       |       ||    16
       Scale mail        |    20 |     7 |       |       |       |       |       ||    27
       Chain mail        |       |    35 |    65 |       |       |       |       ||   100
       Plate armour      |       |       |    24 |   429 |   552 |   546 |   246 ||  1797
       Swamp dragon scal |       |       |       |       |       |    93 |       ||    93
       Skin              |       |       |       |       |       |    13 |       ||    13
Dodge: Dodged            |    50 |    32 |    68 |   273 |   443 |   616 |   289 ||  1771
       Deflected         |       |       |       |       |    24 |    19 |    37 ||    80
Block: Other             |       |       |       |    18 |    64 |    77 |    28 ||   187
       Reflection        |       |       |       |       |     4 |     1 |     1 ||     6
